 Dungeon Crawl Stone Soup version 0.19-a0-1899-g2d93087 (webtiles) character file.

32554 Psaro the Cruncher (level 14, -3/111 HPs)
             Began as a Formicid Fighter on Oct 20, 2016.
             Was a Priest of Elyvilon.
             Slain by a death yak (16 damage)
             ... on level 4 of the Lair of Beasts.
             The game lasted 00:53:08 (18372 turns).

Psaro the Cruncher (Formicid Fighter)              Turns: 18372, Time: 00:53:08

Health: -3/111     AC: 18    Str: 21    XL:     14   Next: 3%
Magic:  22/22      EV: 11    Int:  9    God:    Elyvilon [***...]
Gold:   835        SH: 19    Dex: 19    Spells: 0 memorised, 13 levels left

rFire  . . .     SeeInvis +     a - +0 broad axe (flame)
rCold  . . .     Gourm    .     E - +0 plate armour
rNeg   . . .     Faith    .     z - +3 shield
rPois  +         Spirit   .     (helmet unavailable)
rElec  .         Reflect  .     (no cloak)
rCorr  .         Harm     .     J - +1 pair of gloves
MR     +....                    (no boots)
Stlth  ..........               N - amulet of magic regeneration
                                R - ring of wizardry
                                e - ring of poison resistance

@: agile
A: permanent stasis, dig shafts and tunnels, four strong arms, antennae 3, icy
blue scales 1, large bone plates 1
a: Dig, Shaft Self, Lesser Healing, Heal Other, Purification, Divine Protection,
Renounce Religion


You were on level 4 of the Lair of Beasts.
You worshipped Elyvilon.
Elyvilon was most pleased with you.
You were not hungry.

You visited 2 branches of the dungeon, and saw 14 of its levels.
You also visited: Sewer and Volcano.

You collected 835 gold pieces.

Inventory:

Hand Weapons
 a - a +0 broad axe of flaming (weapon)
 r - a +2 quarterstaff of protection
 F - a +2 flail of venom
Missiles
 g - 337 stones (quivered)
Armour
 b - a +0 scale mail
 c - a +0 shield
 h - a +0 chain mail
 z - a +3 shield (worn)
 E - a +0 plate armour (worn)
 J - a +1 pair of gloves (worn)
Jewellery
 d - the ring "Atoeki" {Ice +Inv SInv}
   (You found it on level 10 of the Dungeon)

   [ring of ice]

   It enhances your ice magic.
   It makes you vulnerable to fire.
   It protects you from cold.
   It lets you see invisible.
   It lets you turn invisible.
 e - a ring of poison resistance (left hand)
 s - an uncursed ring of positive energy
 N - an amulet of magic regeneration (around neck)
 R - a ring of wizardry (right hand)
Wands
 u - a wand of lightning (2/15)
 y - a wand of paralysis (10/24)
 G - a wand of flame (28/48)
 K - a wand of lightning (5/15)
Scrolls
 j - a scroll of identify
 l - 2 scrolls of recharging
 I - a scroll of remove curse
 L - 2 scrolls of fear
 M - a scroll of holy word
 O - a scroll of magic mapping
 T - 2 scrolls of enchant armour
 U - 2 scrolls of fog
Potions
 i - 3 potions of flight
 k - 6 potions of brilliance
 o - 2 potions of resistance
 p - 4 potions of cancellation
 w - 2 potions of magic
 B - 8 potions of curing
 H - a potion of ambrosia
 S - a potion of lignification
Books
 q - a book of Changes

   Spells                             Type                      Level
   a - Beastly Appendage              Transmutation                1
   b - Sticks to Snakes               Transmutation                2
   c - Spider Form                    Transmutation/Poison         3
   d - Ice Form                       Ice/Transmutation            4
   e - Blade Hands                    Transmutation                5
 t - a book of Air

   Spells                             Type                      Level
   a - Shock                          Conjuration/Air              1
   b - Swiftness                      Charms/Air                   2
   c - Repel Missiles                 Charms/Air                   2
   d - Static Discharge               Conjuration/Air              3
   e - Lightning Bolt                 Conjuration/Air              5
 A - a book of Enchantments

   Spells                             Type                      Level
   a - Cause Fear                     Hexes                        4
   b - Yara's Violent Unravelling     Hexes/Transmutation          5
   c - Silence                        Hexes/Air                    5
   d - Deflect Missiles               Charms/Air                   6
   e - Discord                        Hexes                        8
 D - Sif Muna's Incunabulum of Good Luck
   (You found it on level 9 of the Dungeon)

   Spells                             Type                      Level
   a - Infusion                       Charms                       1
Comestibles
 f - 11 bread rations
 m - a meat ration
 n - 12 fruits
 x - a chunk of flesh
 C - 6 royal jellies


   Skills:
 - Level 10.8 Fighting
 + Level 4.1(7.2) Axes
 - Level 9.4(12.2) Maces & Flails
 - Level 12.0(13.1) Staves
 - Level 9.2 Armour
 - Level 9.0 Shields
 - Level 11.2 Invocations


You had 13 spell levels left.
You didn't know any spells.

Dungeon Overview and Level Annotations

Branches:
Dungeon (10/15)            Temple (0/1) D:4            Lair (4/6) D:10
  Swamp (0/4) Lair:2        Snake (0/4) Lair:4          Orc (0/2) D:9

Altars:
Ashenzari
Cheibriados
Elyvilon
Fedhas
Hepliaklqana
Kikubaaqudgha
Makhleb
Okawaru
Ru
Sif Muna
Trog
Zin
The Shining One
Beogh

Annotations:
Lair:4 exclusion: oklob plant


Innate Abilities, Weirdness & Mutations

You are under a permanent stasis effect.
You can dig through walls and to a lower floor.
Your four strong arms can wield two-handed weapons with a shield.
You have a pair of large antennae on your head. (SInv)
You are partially covered in icy blue scales. (AC +2)
You are partially covered in large bone plates. (SH +4)


Message History

You hit the death yak. You burn the death yak.
The death yak is severely wounded.
You closely miss the blink frog.
The blink frog blinks!
The death yak gores you.
* * * LOW HITPOINT WARNING * * *
The death yak gores you!
* * * LOW HITPOINT WARNING * * *
You hit the death yak. You burn the death yak.
The death yak is severely wounded.
The blink frog misses you. The death yak closely misses you.
You slash the death yak! You burn the death yak.
The death yak is almost dead.
You closely miss the blink frog. You block the blink frog's attack.
The death yak gores you but does no damage.
The blink frog hits you but does no damage.
You hit the death yak. You burn the death yak.
The death yak is almost dead.
You hit the blink frog. You burn the blink frog.
The blink frog blinks!
The death yak gores you!
You die...

##..# ########## **,**...**,
##..####..##.##.##### *,,,,....,,
....>..†........†...#**,,,,#...,,
..#..####.#÷##P.##...#**,**#P..#*
..##.P# ##..#####*{.....,#**,,*,,
..##### #.#.# ***##.#.#*,,*,**
#.# ##.## *,..#..,*,** #.#
#F############....P.,,*,* ..#
##....†§@Y†.÷..)#,,,,*,*, ..###
####.########..#*,,,,*,* ††..#
##÷## ****,...h*,,,*, ....# ##.#
*{,,,,....,,,,, ≈.P## ###
**,,,,,...,,,,, ≈≈P#*
*,**,,,..,,,,, ≈≈≈≈#*
*,***,**#,,,,, .≈≈≈.#*
*,**,,,*,,,*,* ..≈≈..# *****
*,,*,,,,,,,,*,


You could see a death yak and a blink frog.

Vanquished Creatures
  A red draconian (Volcano)
  Harold (D:10)
  4 death yaks (Lair:3)
  Nergalle (D:10)
  A salamander mystic (Volcano)
  An obsidian statue (Volcano)
  2 salamanders (Volcano)
  2 black mambas (Lair:4)
  6 spiny frogs
  6 torpor snails
  3 rime drakes
  3 komodo dragons
  2 ice devils (Lair:2)
  A polar bear (Lair:4)
  3 hornets
  A troll (D:7)
  A two-headed ogre (D:9)
  A dream sheep (Lair:2)
  A blink frog (Lair:4)
  2 hippogriffs
  20 yaks
  2 basilisks
  2 wyverns (Lair:1)
  A hungry ghost (D:7)
  4 fire bats (Volcano)
  3 nagas (Lair:4)
  A soldier ant (D:9)
  4 swamp worms (Lair:2)
  2 hell hounds (Lair:4)
  9 porcupines
  Duvessa (D:6)
  13 water moccasins
  3 black bears
  2 ice beasts (D:8)
  3 sky beasts
  8 orc warriors
  A necrophage (D:9)
  7 ogres
  8 wolves
  A centaur (D:6)
  8 crocodiles
  2 big kobolds
  17 bullfrogs
  Dowan (D:6)
  4 scorpions
  19 killer bees (Lair:4)
  3 wights (D:6)
  4 crimson imps
  4 lava snakes (Volcano)
  A quasit (D:10)
  A centaur zombie (D:7)
  4 hounds
  3 jellies
  10 orc priests
  12 orc wizards
  Ijyb (D:4)
  A bullfrog skeleton (D:5)
  4 iguanas
  6 hell rats (Lair:3)
  6 worker ants
  Robin (D:3)
  11 gnolls
  3 worker ant zombies
  18 adders
  A river rat (D:3)
  16 oozes
  An adder skeleton (D:5)
  3 worms
  2 dart slugs
  26 leopard geckos
  48 orcs
  4 ball pythons (Sewer)
  23 giant cockroaches
  23 goblins
  6 hobgoblins
  10 jackals
  2 quokkas
  12 bats
  11 frilled lizards
  20 kobolds
  A leopard gecko zombie (D:6)
  2 quokka skeletons
  6 rats
  A fungus (Lair:4)
  A plant (D:10)
501 creatures vanquished.

Vanquished Creatures (others)
  A rime drake (Lair:4)
  A meliai (Lair:4)
  A dream sheep (Lair:2)
  2 basilisks
  2 killer bees (Lair:4)
  A hell rat (Lair:4)
  A goblin (D:3)
  4 bushes (Lair:4)
  33 fungi
  23 plants
69 creatures vanquished.

Grand Total: 570 creatures vanquished

Notes
Turn   | Place    | Note
-------+----------+-------------------------------------------
     0 | D:1      | Psaro the Formicid Fighter began the quest for the Orb.
     0 | D:1      | Reached XP level 1. HP: 18/18 MP: 1/1
   305 | D:1      | Reached XP level 2. HP: 23/24 MP: 2/2
   484 | D:1      | Reached skill level 3 in Staves
   559 | D:1      | Reached XP level 3. HP: 23/29 MP: 3/3
  1350 | D:2      | Found a white marble altar of Elyvilon.
  1364 | D:2      | Became a worshipper of Elyvilon the Healer
  1564 | D:2      | Reached skill level 4 in Staves
  1564 | D:2      | Reached XP level 4. HP: 35/35 MP: 4/4
  1635 | D:2      | Found a faded altar of an unknown god.
  1996 | D:3      | Noticed Robin
  2029 | D:3      | Killed Robin
  2082 | D:3      | Reached XP level 5. HP: 38/41 MP: 5/5
  2111 | D:3      | Found a glowing silver altar of Zin.
  2163 | D:3      | Reached skill level 5 in Staves
  2378 | D:3      | Reached XP level 6. HP: 32/47 MP: 6/6
  2422 | D:3      | Found a hazy altar of Hepliaklqana.
  2426 | D:3      | Reached * piety under Elyvilon
  2554 | D:3      | Found a glowing drain.
  2569 | D:3      | Reached skill level 6 in Staves
  2655 | Sewer    | Entered a sewer
  3017 | Sewer    | Reached XP level 7. HP: 51/52 MP: 7/7
  3030 | Sewer    | Reached skill level 7 in Staves
  3201 | D:3      | Gained mutation: You are partially covered in icy blue scales. (AC +2) [potion of beneficial mutation]
  3202 | D:3      | Gained mutation: You are partially covered in large bone plates. (SH +4) [potion of beneficial mutation]
  3340 | D:4      | Found a staircase to the Ecumenical Temple.
  3607 | D:4      | Reached skill level 8 in Staves
  3756 | D:4      | Noticed Ijyb
  3777 | D:4      | Killed Ijyb
  3912 | D:4      | Reached skill level 1 in Invocations
  3912 | D:4      | Reached XP level 8. HP: 58/58 MP: 8/8
  4074 | D:5      | Entered Level 5 of the Dungeon
  4117 | D:5      | Reached ** piety under Elyvilon
  4935 | D:6      | Noticed Duvessa
  4935 | D:6      | Noticed Dowan
  4976 | D:6      | Reached skill level 9 in Staves
  5190 | D:6      | Killed Duvessa
  5190 | D:6      | Reached skill level 5 in Shields
  5190 | D:6      | Reached XP level 9. HP: 64/66 MP: 11/11
  5195 | D:6      | Killed Dowan
  5307 | D:6      | Reached skill level 5 in Fighting
  5670 | D:6      | Reached *** piety under Elyvilon
  5889 | D:6      | Reached skill level 10 in Staves
  6326 | D:7      | Reached skill level 5 in Invocations
  6542 | D:7      | Noticed a troll
  6567 | D:7      | Reached XP level 10. HP: 70/76 MP: 12/14
  7341 | D:8      | Reached **** piety under Elyvilon
  7416 | D:8      | Found a burning altar of Makhleb.
  7421 | D:8      | Found an iron altar of Okawaru.
  8497 | D:8      | Found a sacrificial altar of Ru.
  8551 | D:8      | Found a bloodstained altar of Trog.
  8552 | D:8      | Found an ancient bone altar of Kikubaaqudgha.
  8552 | D:8      | Found a glowing golden altar of the Shining One.
  8552 | D:8      | Found a white marble altar of Elyvilon.
  8554 | D:8      | Found a shattered altar of Ashenzari.
  8556 | D:8      | Found a blossoming altar of Fedhas.
  8620 | D:9      | Reached ***** piety under Elyvilon
  8682 | D:9      | Identified Sif Muna's Incunabulum of Good Luck
  8835 | D:9      | Found a flagged portal.
  8903 | D:9      | Found a roughly hewn altar of Beogh.
  8903 | D:9      | Found a staircase to the Orcish Mines.
  9233 | D:9      | Reached skill level 11 in Staves
  9260 | D:9      | Reached XP level 11. HP: 64/84 MP: 16/16
  9560 | D:9      | Reached skill level 5 in Armour
  9670 | D:9      | Found a deep blue altar of Sif Muna.
  9863 | D:10     | Entered Level 10 of the Dungeon
  9937 | D:10     | Noticed Nergalle
  9966 | D:10     | Killed Nergalle
 10351 | D:10     | Noticed Harold
 10375 | D:10     | Killed Harold
 10375 | D:10     | Reached skill level 12 in Staves
 10539 | D:10     | Got a smoking pewter ring
 10541 | D:10     | Identified the ring "Atoeki" {Ice +Inv SInv} (You found it on level 10 of the Dungeon)
 10800 | D:10     | Found a staircase to the Lair.
 11041 | Lair:1   | Entered Level 1 of the Lair of Beasts
 11254 | Lair:1   | Reached skill level 1 in Maces & Flails
 11736 | Lair:1   | Reached XP level 12. HP: 87/94 MP: 18/18
 11905 | Lair:1   | Noticed an eight-headed hydra
 11911 | Lair:1   | Pacified an eight-headed hydra
 12356 | Lair:2   | Noticed an eight-headed hydra
 12358 | Lair:2   | Pacified an eight-headed hydra
 12422 | Lair:2   | Reached skill level 5 in Maces & Flails
 12842 | Lair:2   | Found a staircase to the Swamp.
 13328 | Lair:2   | Found a snail-covered altar of Cheibriados.
 13746 | Lair:2   | Noticed a six-headed hydra
 13747 | Lair:2   | Pacified a six-headed hydra
 13748 | Lair:2   | Noticed a five-headed hydra
 13757 | Lair:2   | Pacified a five-headed hydra
 14266 | Lair:2   | Reached skill level 10 in Invocations
 14266 | Lair:2   | Reached XP level 13. HP: 103/103 MP: 20/20
 14537 | Lair:3   | Reached skill level 10 in Fighting
 15681 | Lair:3   | Noticed a seven-headed hydra
 15683 | Lair:3   | Pacified a seven-headed hydra
 16190 | Lair:4   | Found a dark tunnel.
 16310 | Volcano  | Entered a volcano
 16790 | Volcano  | Noticed a red draconian
 16796 | Volcano  | Found a radiant altar of Vehumet.
 16834 | Volcano  | Killed a red draconian
 17213 | Lair:4   | Reached skill level 1 in Axes
 17334 | Lair:4   | Found a staircase to the Snake Pit.
 18283 | Lair:4   | Reached XP level 14. HP: 61/111 MP: 22/22
 18372 | Lair:4   | Slain by a death yak

Vault maps used:
D:1:      sevenhm_arrival_forest_fort_large_4
D:2:      first_bread, ecumenical_altar_2, elyvilon_altar_5
D:3:      lemuel_doored_altar, nicolae_overflow_crystal_walls,
          gup_sewer_entry_bubbles, uniq_robin
D:4:      kennysheep_the_goblin_king
D:5:      kennysheep_cluttered_room, kennysheep_generic_room_5
D:6:      minmay_crystal_water, uniq_duvessa
D:7:      serial_corexii_hall, corexii_hall_statues_x, corexii_hall_statues_u
D:8:      lemuel_coloured_pillars_altar, okawaru_trees_1, minitemple
D:9:      david_orc_5, lightli_bailey_entry_fortress, hangedman_pestilent_swarm,
          corexii_leaking_fountain, led_sif_book
D:10:     dpeg_oklobed_lair, uniq_harold, uniq_nergalle
Lair:2:   nicolae_swamp_entry_splash_gauntlet, serial_forest,
          infiniplex_forest_lined_room_2, infiniplex_forest_lined_2,
          infiniplex_forest_clump_small, infiniplex_forest_straight_2,
          infiniplex_forest_end_3, infiniplex_forest_straight_2,
          infiniplex_forest_pool, portal_ice_cave_demonic_guard,
          kennysheep_snail_temple
Lair:4:   regret_index_bee_streams, guppyfry_snake_entry_island,
          enter_volcano_3, minmay_lair_oklob_bushes
Sewer:    sewer_frog_island_02
Volcano:  volcano_grotto

Skill      XL: |  1  2  3  4  5  6  7  8  9 10 11 12 13 14 |
---------------+-------------------------------------------+-----
Staves         | 3 4 5 6 8 9 10 11 12 | 12.0
Invocations    | 1 3 5 7 8 10 11 | 11.2
Shields        | 5 7 9 |  9.0
Fighting       | 4 6 7 8 9 10 | 10.8
Armour         | 4 6 7 9 |  9.2
Maces & Flails | 3 7 9 |  9.4
Axes           | 3 4 |  4.1

Action                   |  1- 3 |  4- 6 |  7- 9 | 10-12 | 13-15 || total
-------------------------+-------+-------+-------+-------+-------++-------
Melee: Quarterstaff      |    87 |   317 |   512 |   653 |       ||  1569
       Flail             |       |       |       |   387 |   310 ||   697
       Broad axe         |       |       |       |       |   297 ||   297
Throw: Stone             |       |       |     3 |       |       ||     3
Invok: Greater Healing   |       |       |       |     3 |     7 ||    10
       Heal Other        |       |       |       |     9 |    10 ||    19
       Divine Vigour     |       |       |       |       |     2 ||     2
       Purification      |       |       |       |       |     1 ||     1
 Abil: Dig               |       |     4 |     4 |    11 |    12 ||    31
  Use: Scroll            |       |     3 |     9 |    14 |     2 ||    28
       Potion            |       |       |     4 |     1 |     9 ||    14
 Stab: Distracted        |       |     1 |       |       |       ||     1
       Invisible         |       |       |       |       |     6 ||     6
  Eat: Chunk             |     2 |     6 |    13 |    24 |    10 ||    55
       Pizza             |       |       |     1 |       |       ||     1
       Royal jelly       |       |       |       |     1 |     3 ||     4
       Meat ration       |       |       |       |     1 |     1 ||     2
       Fruit             |       |       |       |       |     4 ||     4
       Beef jerky        |       |       |       |       |     1 ||     1
Armor: Scale mail        |    19 |       |       |       |       ||    19
       Chain mail        |    35 |   147 |   132 |    30 |       ||   344
       Plate armour      |       |       |       |   192 |   236 ||   428
Dodge: Dodged            |    17 |    63 |    65 |    96 |    98 ||   339
Block: Shield            |    50 |   187 |   335 |   637 |   687 ||  1896
